 Dungeon Crawl Stone Soup version 0.31-a0-188-g5e087ee2ca (webtiles) character file.

Game seed: 9379337557716826336

30 qw the Shooter (level 3, -1/20 HPs)
             Began as a Deep Elf Hunter on June 23, 2023.
             Slain by Terence
             ... wielding a +0 flail
              (10 damage)
             ... on level 2 of the Dungeon.
             The game lasted 00:00:13 (705 turns).

qw the Shooter (Deep Elf Hunter)                     Turns: 705, Time: 00:00:13

Health: -1/20      AC:  3    Str: 10    XL:     3   Next: 5%
Magic:  5/5        EV: 12    Int: 13    God:
Gold:   63         SH:  0    Dex: 18    Spells: 2/2 levels left

rFire   . . .        a - +0 shortbow
rCold   . . .        (shield currently unavailable)
rNeg    . . .        c - +0 leather armour
rPois   .            (no helmet)
rElec   .            (no cloak)
rCorr   .            (no gloves)
SInv    +            (no boots)
Will    .....        (no amulet)
Stlth   ++           e - ring of see invisible
HPRegen 0.23/turn    (no ring)
MPRegen 0.09/turn

%: no passive effects
@: no status effects
A: no striking features
a: no special abilities


You were on level 2 of the Dungeon.
You visited 1 branch of the dungeon, and saw 2 of its levels.

You collected 63 gold pieces.


   Skills:
 - Level 1.5 Fighting
 + Level 6.6 Ranged Weapons
 - Level 2.4 Dodging
 - Level 1.2 Stealth


You had 2 spell levels left.
You didn't know any spells.
Your spell library was empty.

Inventory:

Hand Weapons
 a - a +0 shortbow (weapon)
Armour
 c - a +0 leather armour (worn)
Jewellery
 e - a ring of see invisible (left hand)
Potions
 d - a potion of curing {unknown}
 f - a potion of mutation {unknown}

Dungeon Overview and Level Annotations

Branches:
Dungeon (2/15)

Altars:

Annotations:
D:2 Terence


Message History

Your experience leads to an increase in your attributes!
Increase (S)trength, (I)ntelligence, or (D)exterity?
You feel stronger. x2
Found a stone staircase leading down.
A goblin comes into view. It is wielding a +0 dagger.
You shoot an arrow.
The arrow hits the goblin but does no damage.
The goblin shouts!
A kobold comes into view. It is wielding a +0 short sword.
You shoot an arrow. The kobold shouts!
The arrow hits the goblin.
You kill the goblin!
You shoot an arrow. The arrow hits the kobold!
You kill the kobold!
Terence the Incautious comes into view.
He is wielding a +0 flail.
Terence moves out of view.
Terence is nearby!
You shoot an arrow.
Terence shouts!
The arrow hits Terence.
Terence is lightly wounded.
You shoot an arrow. The arrow hits Terence.
Terence is moderately wounded.
You shoot an arrow.
The arrow hits Terence but does no damage.
Terence is moderately wounded.
You shoot an arrow.
The arrow hits Terence but does no damage.
Terence is moderately wounded.
Terence hits you with a +0 flail!
You shoot an arrow. The arrow hits Terence.
Terence is moderately wounded.
Terence hits you with a +0 flail.
You shoot an arrow.
The arrow hits Terence but does no damage.
Terence is moderately wounded.
Terence hits you with a +0 flail!
Ouch! That really hurt!
You die...

###...).........
.......#..........
..................
#..##...#.#......
#...>............
...............#%.
...)............).
.....#...#.....#.
#.@@##.....#
#.#.##.....# ..
#.##.....# ..#
#.##.....#
........
#.#......#
........
#...######
........ ##..##
........ ##..##
........##...#


You could see Terence.

Vanquished Creatures
  A dart slug (D:1)
  A ball python (D:1)
  2 bats
  2 endoplasms (D:1)
  3 giant cockroaches
  4 goblins
  A hobgoblin (D:2)
  6 jackals (D:1)
  2 kobolds (D:2)
22 creatures vanquished.

Notes
Turn   | Place    | Note
-------+----------+-------------------------------------------
     0 | D:1      | qw the Deep Elf Hunter began the quest for the Orb.
     0 | D:1      | Reached XP level 1. HP: 12/12 MP: 3/3
     0 | D:1      | 0 ||| qw: Version: 0.3-a-9-g12657ce
     0 | D:1      | 0 ||| qw: Game counter: 3402
     0 | D:1      | 0 ||| qw: Always use a shield: true
     0 | D:1      | 0 ||| qw: God list: Okawaru
     0 | D:1      | 0 ||| qw: Allow faded altars: false
     0 | D:1      | 0 ||| qw: Do Orc after D:15 true
     0 | D:1      | 0 ||| qw: Do second Lair branch before Depths: true
     0 | D:1      | 0 ||| qw: Lair rune preference: random
     0 | D:1      | 0 ||| qw: Plans: Normal
     0 | D:1      | 0 ||| PLANNING D:1-11
   175 | D:1      | Found a faded altar of an unknown god.
   264 | D:1      | Reached XP level 2. HP: 16/16 MP: 4/4
   278 | D:1      | Reached skill level 6 in Ranged Weapons
   657 | D:1      | 657 ||| UPGRADING to ring of see invisible.
   658 | D:1      | 658 ||| DROPPING scroll of butterflies.
   688 | D:2      | Reached XP level 3. HP: 20/20 MP: 5/5
   697 | D:2      | Noticed Terence
   705 | D:2      | Slain by Terence

Levels and vault maps discovered:
D:1:      matt_arrival_diagonals, layout_loops_ring,
          shapermc_ecumenical_altar_totnotflames
D:2:      layout_rooms, due_unseen_surprise, uniq_robin, uniq_terence

Skill      XL: |  1  2 |
---------------+-------+-----
Ranged Weapons | 6 |  6.6
Fighting       | |  1.5
Dodging        | |  2.4
Stealth        | |  1.2

Action                     || total
---------------------------++-------
   Fire: Shortbow          ||    51
 Armour: Leather armour    ||     7
  Dodge: Dodged            ||    11

Table legend:
 A = Non-vault XP
 B = Vault XP
 C = Vault XP percentage of total XP
 D = Non-vault monster count
 E = Vault monster count
 F = Vault count percentage of total count
                 A         B        C        D         E       F
            +---------+---------+-------+---------+---------+-------
      Total |      44 |       0 |   0.0 |      22 |       0 |   0.0
            +---------+---------+-------+---------+---------+-------
        D:1 |      34 |       0 |   0.0 |      16 |       0 |   0.0
        D:2 |      10 |       0 |   0.0 |       6 |       0 |   0.0
            +---------+---------+-------+---------+---------+-------
